[Event "Titled Tuesday Blitz January 31 Early 2023"]
[White "Player, Edmund C"]
[Black "Ricaurte Lopez, Juan Carlos"]
[WhiteFideId "406520"]
[BlackFideId "3600327"]
[WhiteElo "2204"]
[BlackElo "2226"]
[Result "1-0"]
[Round "05"]
[TimeControl "180+2"]
[Date "2023.01.31"]
[WhiteClock "0:00:22"]
[BlackClock "0:00:14"]

1. e4 e5 2. Nc3 Nf6 3. Bc4 c6 4. f4 d5 5. exd5 cxd5 6. Bb5+ Nc6 7. fxe5 Ne4 8. Nf3 Bg4 9. O-O Nxc3 10. Bxc6+ bxc6 11. bxc3 Bc5+ 12. d4 Bb6 13. Ba3 Qd7 14. Qd2 O-O-O 15. Rab1 f6 16. Bd6 Rhe8 17. Qd3 Kb7 18. a4 Bxf3 19. Rxf3 fxe5 20. Bxe5 Rxe5 21. Rxb6+ axb6 22. dxe5 c5 23. Qxh7 Re8 24. Rf5 Re7 25. Qg6 Qxa4 26. Rf7 Qd7 27. e6 Qd6 28. Rxe7+ Qxe7 29. Qf7 1-0


[Site "https://www.chess.com"]

[Event "Titled Tuesday Blitz January 31 Early 2023"]
[White "Levine, David"]
[Black "Schut, Han"]
[WhiteFideId "2011611"]
[BlackFideId "1005561"]
[WhiteElo "2040"]
[BlackElo "2101"]
[Result "0-1"]
[Round "05"]
[TimeControl "180+2"]
[Date "2023.01.31"]
[WhiteClock "0:01:33"]
[BlackClock "0:01:28"]

1. d4 Nf6 2. c4 g6 3. g3 Bg7 4. Bg2 d5 5. cxd5 Nxd5 6. Nf3 O-O 7. O-O c5 8. e3 cxd4 9. Nxd4 Nc6 10. Nxc6 bxc6 11. Bd2 Bxb2 12. Bxd5 cxd5 13. Nc3 Bxa1 14. Qxa1 Bh3 15. Rd1 Qd7 16. Ne2 Qf5 17. Nf4 Bg4 18. Rc1 Bf3 19. Bb4 Rfe8 20. Rc5 g5 21. Bc3 gxf4 22. Bh8 f6 23. Rc7 Qh3 24. Bxf6 Qg2# 0-1


[Site "https://www.chess.com"]

[Event "Titled Tuesday Blitz January 31 Early 2023"]
[White "Mohammadian, Mohammad"]
[Black "Koridze, Lile"]
[WhiteFideId "12566055"]
[BlackFideId "13612514"]
[WhiteElo "1398"]
[BlackElo "2191"]
[Result "0-1"]
[Round "05"]
[TimeControl "180+2"]
[Date "2023.01.31"]
[WhiteClock "0:00:01"]
[BlackClock "0:01:35"]

1. e4 c5 2. Nf3 d6 3. d4 cxd4 4. Nxd4 Nf6 5. Nc3 a6 6. Be2 e5 7. Nb3 Be7 8. Be3 O-O 9. O-O Be6 10. Qd2 b5 11. a3 Nbd7 12. Rad1 Rc8 13. f3 Qc7 14. Bd3 Nb6 15. Qf2 Nc4 16. Bxc4 bxc4 17. Nd2 Qb7 18. Rb1 d5 19. exd5 Nxd5 20. Nxd5 Bxd5 21. c3 Be6 22. Rfd1 Bf5 23. Ne4 Bxe4 24. fxe4 Qxe4 25. Kh1 f5 26. Re1 Qb7 27. Qe2 Bf6 28. Qh5 g6 29. Qe2 Rfd8 30. Qf2 Qb3 31. Bb6 Rd6 32. Bc5 Rd5 33. Be3 Rcd8 34. Qe2 f4 35. Bf2 Rd2 36. Qf3 Qc2 37. Rf1 R8d3 38. Qa8+ Kg7 39. Qb7+ Rd7 40. Qf3 Qd3 41. Qxd3 R7xd3 42. Bc5 g5 43. Bb4 e4 44. h3 e3 45. Rfe1 Rf2 46. Kg1 Rdd2 47. Red1 Rxg2+ 48. Kf1 Rdf2+ 49. Ke1 Rg1# 0-1


[Site "https://www.chess.com"]

[Event "Titled Tuesday Blitz January 31 Early 2023"]
[White "Begmuratov, Khumoyun"]
[Black "Nakamura, Hikaru"]
[WhiteFideId "14210207"]
[BlackFideId "2016192"]
[WhiteElo "2387"]
[BlackElo "2775"]
[Result "0-1"]
[Round "06"]
[TimeControl "180+2"]
[Date "2023.01.31"]
[WhiteClock "0:00:02"]
[BlackClock "0:00:28"]

1. e4 g6 2. d4 Bg7 3. Nc3 a6 4. a4 d6 5. Be3 Nc6 6. Qd2 e5 7. dxe5 Nxe5 8. Be2 Nf6 9. h3 O-O 10. Nf3 Nc6 11. O-O Re8 12. Bg5 Be6 13. Rfe1 Qc8 14. Rad1 Nd7 15. Bh6 f6 16. Bxg7 Kxg7 17. Bf1 Bf7 18. Nd4 Nxd4 19. Qxd4 g5 20. f4 gxf4 21. Qf2 Re5 22. Qxf4 Qe8 23. Bd3 Qe7 24. Rf1 c6 25. h4 Rg8 26. Be2 Be6 27. Rd3 Kh8 28. Rfd1 d5 29. exd5 cxd5 30. Bf3 Rf5 31. Nxd5 Qf7 32. Qc7 Rxf3 33. Rxf3 Bxd5 34. Rf2 Bc6 35. Qf4 Qe7 36. Rdf1 Ne5 37. Kh1 Ng4 38. Rd2 Ne3 39. Rg1 Rg4 40. Qh2 Nf5 41. Qb8+ Kg7 42. Rd3 Rxh4+ 0-1


[Site "https://www.chess.com"]

[Event "Titled Tuesday Blitz January 31 Early 2023"]
[White "Sanal, Vahap"]
[Black "Caruana, Fabiano"]
[WhiteFideId "6300545"]
[BlackFideId "2020009"]
[WhiteElo "2600"]
[BlackElo "2764"]
[Result "0-1"]
[Round "06"]
[TimeControl "180+2"]
[Date "2023.01.31"]
[WhiteClock "0:00:01"]
[BlackClock "0:00:23"]

1. e4 c5 2. Nf3 e6 3. d4 cxd4 4. Nxd4 a6 5. Nc3 d6 6. g3 b5 7. Bg2 Bb7 8. O-O Ne7 9. a4 b4 10. Na2 Nbc6 11. c3 bxc3 12. bxc3 Rc8 13. Rb1 Qd7 14. Re1 Ng6 15. Qb3 Ba8 16. Nb4 Na5 17. Qd1 Be7 18. Nxa6 O-O 19. Nb5 Rfd8 20. Nb4 Nc4 21. h4 Nge5 22. h5 h6 23. Bf4 Bf6 24. Qe2 Nb6 25. Rbd1 Nxa4 26. Na2 Qe7 27. Rd4 Nb6 28. Red1 Nbc4 29. Bxe5 Nxe5 30. Rxd6 Rxd6 31. Rxd6 Bc6 32. Rd1 Rb8 33. Nd4 Ba4 34. Ra1 Qa3 35. f4 Rb2 36. Qa6 Rxg2+ 37. Kxg2 Qb2+ 38. Qe2 Qxa1 39. fxe5 Bxe5 40. Nf3 Bd1 41. Qd2 Bxf3+ 42. Kxf3 Qh1+ 43. Qg2 Qxh5+ 44. Ke3 Qg5+ 45. Kd3 Bxg3 46. Nb4 h5 47. c4 h4 48. Qh3 Qh5 49. Nc2 Qf3+ 50. Kd2 Bf4+ 0-1


[Site "https://www.chess.com"]

[Event "Titled Tuesday Blitz January 31 Early 2023"]
[White "Andreikin, Dmitry"]
[Black "Svidler, Peter"]
[WhiteFideId "4158814"]
[BlackFideId "4102142"]
[WhiteElo "2729"]
[BlackElo "2683"]
[Result "1/2-1/2"]
[Round "06"]
[TimeControl "180+2"]
[Date "2023.01.31"]
[WhiteClock "0:00:07"]
[BlackClock "0:00:23"]

1. Nf3 c5 2. c4 Nc6 3. Nc3 g6 4. e3 Bg7 5. d4 d6 6. Be2 e6 7. O-O Nge7 8. b3 O-O 9. Bb2 cxd4 10. Nxd4 d5 11. Nxc6 bxc6 12. Rc1 Nf5 13. Qc2 d4 14. Rfd1 Qc7 15. Ne4 e5 16. exd4 Nxd4 17. Bxd4 exd4 18. c5 Bf5 19. Bd3 Bxe4 20. Bxe4 a5 21. Qd3 Rfd8 22. g3 Re8 23. Kg2 Re6 24. Re1 Rae8 25. Re2 Qb7 26. Rce1 Rd8 27. Bf3 Rxe2 28. Rxe2 Qb4 29. Bxc6 Qxc5 30. Bb5 Bf6 31. Bc4 Kg7 32. Qf3 a4 33. h4 axb3 34. axb3 h5 35. Re4 Rd6 36. Rf4 Qc6 37. Qxc6 Rxc6 38. Kf3 Rc7 39. Ke4 Re7+ 40. Kd3 Re1 41. Rf3 Rc1 42. Ke4 Rc3 43. Rd3 Kf8 44. Kd5 Ke7 45. b4 Rc2 46. Rf3 Rc3 47. Rd3 Rc2 48. f4 Kf8 49. b5 Bd8 50. Kxd4 Bb6+ 51. Kd5 Ke7 52. Rb3 Kf6 53. Ra3 Kg7 54. Ra6 Bf2 55. Ra3 Rb2 56. Rb3 Rxb3 57. Bxb3 Bxg3 58. Ke4 Bxh4 59. b6 Bd8 60. b7 Bc7 61. Kf3 Bb8 62. Bc4 f6 63. Be2 g5 64. fxg5 fxg5 65. Ke4 Kg6 66. Kf3 g4+ 67. Kg2 Kg5 68. Bd1 h4 69. Bxg4 Kxg4 70. Kh1 h3 71. Kg1 Kg3 72. Kh1 h2 1/2-1/2


[Site "https://www.chess.com"]

[Event "Titled Tuesday Blitz January 31 Early 2023"]
[White "Drygalov, Sergey"]
[Black "Narayanan.S.L"]
[WhiteFideId "24171743"]
[BlackFideId "5058422"]
[WhiteElo "2547"]
[BlackElo "2660"]
[Result "1/2-1/2"]
[Round "06"]
[TimeControl "180+2"]
[Date "2023.01.31"]
[WhiteClock "0:00:12"]
[BlackClock "0:00:50"]

1. d4 d5 2. c4 c6 3. Nf3 Nf6 4. Nc3 a6 5. e3 Bf5 6. Ne5 Nbd7 7. Qb3 Qc7 8. cxd5 cxd5 9. Bd2 e6 10. Rc1 Qb8 11. Be2 Bd6 12. g4 Bg6 13. g5 Bxe5 14. dxe5 Ne4 15. Nxe4 Bxe4 16. f3 Bg6 17. Qb4 Nxe5 18. Bc3 Nc6 19. Qc5 e5 20. Bb4 Nxb4 21. Qxb4 Qd8 22. h4 Qe7 23. Qxe7+ Kxe7 24. h5 Bf5 25. Rc7+ Bd7 26. Rxb7 Rhb8 27. Rxb8 Rxb8 28. b3 a5 29. Kd2 h6 30. gxh6 gxh6 31. f4 exf4 32. exf4 Bf5 33. Rc1 Kd6 34. Bf3 Rb4 35. Ke3 a4 36. Rd1 Be4 37. Bxe4 Rxe4+ 38. Kf3 Rb4 39. Rd3 f5 40. bxa4 Rxa4 41. a3 d4 42. Rb3 Kc5 43. Ke2 Kc4 44. Rg3 Ra8 45. Kd2 Rb8 46. Kc2 Re8 47. Kd2 Ra8 48. Rg6 Rxa3 49. Rc6+ Kd5 50. Rxh6 Ke4 51. Re6+ Kxf4 52. h6 Rh3 53. Ke2 d3+ 54. Kd2 Kg4 55. Rg6+ Kf4 56. Rd6 Ke4 57. Re6+ Kd5 58. Rg6 f4 59. h7 Ke4 60. Rg7 Rh2+ 61. Kc3 d2 62. Kc2 f3 63. Re7+ Kf4 64. Rf7+ Ke3 65. Re7+ Kd4 66. h8=Q+ Rxh8 67. Kxd2 Rh1 68. Rf7 Ke4 69. Rf8 Ra1 70. Rf7 Rf1 71. Rf8 Rf2+ 72. Ke1 Rh2 73. Kf1 Ke3 74. Re8+ 1/2-1/2


[Site "https://www.chess.com"]

[Event "Titled Tuesday Blitz January 31 Early 2023"]
[White "Ter-Sahakyan, Samvel"]
[Black "Chigaev, Maksim"]
[WhiteFideId "13302531"]
[BlackFideId "4108116"]
[WhiteElo "2617"]
[BlackElo "2628"]
[Result "1/2-1/2"]
[Round "06"]
[TimeControl "180+2"]
[Date "2023.01.31"]
[WhiteClock "0:00:05"]
[BlackClock "0:00:05"]

1. d4 Nf6 2. c4 g6 3. Nc3 Bg7 4. e4 O-O 5. Be2 d6 6. Be3 c6 7. g4 Qa5 8. Kf1 c5 9. d5 b5 10. g5 Nfd7 11. Nxb5 Bxb2 12. Rb1 Bg7 13. Rb3 a6 14. Bd2 Qd8 15. Nc3 Nb6 16. h4 e6 17. h5 exd5 18. Nxd5 Nxd5 19. exd5 Bf5 20. Bg4 Qd7 21. Rg3 Be5 22. Rg2 Ra7 23. Qf3 Bxg4 24. Rxg4 Rb7 25. Kg2 Qf5 26. Qxf5 gxf5 27. Rgh4 Nd7 28. Nf3 Rb2 29. a4 Re8 30. Re1 Rbb8 31. a5 Bg7 32. Rxe8+ Rxe8 33. Rf4 Re4 34. Nh4 Ne5 35. Nxf5 Rxf4 36. Bxf4 Nxc4 37. Bxd6 Nxa5 38. Bxc5 Nb7 39. Bb4 a5 40. Ba3 Bc3 41. d6 Bb4 42. Bxb4 axb4 43. d7 b3 44. Nd6 Nd8 45. Nc4 Kf8 46. Kf3 Ke7 47. Ke3 Kxd7 48. Kd3 Ke6 49. Kc3 Kf5 50. Kxb3 Kxg5 51. Kc3 Kxh5 52. Kd4 Kg5 53. Ke4 Ne6 54. Nd6 f6 55. Kf3 h5 56. Ne4+ Kg6 57. Nd6 Nd4+ 58. Kg2 Nf5 59. Ne4 Nh6 60. Nd6 Nf7 61. Ne4 Ng5 62. Nc3 Kf5 63. Nb5 Kf4 64. Nc7 h4 65. Nd5+ Ke5 66. Ne3 Ke4 67. Ng4 f5 68. Nf6+ Ke5 69. Nd7+ Kf4 70. Nc5 Kg4 71. Nd3 h3+ 72. Kh2 Nf3+ 73. Kh1 Kh4 74. Nf4 Ne5 75. Kh2 Ng4+ 76. Kg1 Nf6 77. Kh2 Ng4+ 78. Kg1 Ne5 79. Kh2 Nf3+ 80. Kh1 Kg4 81. Nxh3 Kxh3 1/2-1/2


[Site "https://www.chess.com"]

[Event "Titled Tuesday Blitz January 31 Early 2023"]
[White "Vakhlamov, Igor L."]
[Black "Rasulov, Vugar"]
[WhiteFideId "24126748"]
[BlackFideId "13402390"]
[WhiteElo "2413"]
[BlackElo "2523"]
[Result "0-1"]
[Round "06"]
[TimeControl "180+2"]
[Date "2023.01.31"]
[WhiteClock "0:00:03"]
[BlackClock "0:01:11"]

1. e4 e5 2. Nf3 Nc6 3. Nc3 Nf6 4. Bb5 Bd6 5. d3 h6 6. a3 O-O 7. g4 Nd4 8. Bc4 c6 9. g5 hxg5 10. Bxg5 Be7 11. Rg1 d5 12. Bxf6 Bxf6 13. exd5 b5 14. Ba2 Bb7 15. dxc6 Bxc6 16. Nxd4 exd4 17. Ne4 Rc8 18. Bb3 a5 19. Qh5 Bxe4 20. dxe4 d3 21. Rg3 Qd4 22. Rxd3 Qxe4+ 23. Kd2 a4 24. Bd5 Qf4+ 25. Ke2 Rxc2+ 26. Kd1 Rxf2 27. Rc1 Rf1+ 0-1


[Site "https://www.chess.com"]

[Event "Titled Tuesday Blitz January 31 Early 2023"]
[White "Kilic, Eray"]
[Black "Mosadeghpour, Masoud"]
[WhiteFideId "44517173"]
[BlackFideId "12519278"]
[WhiteElo "2414"]
[BlackElo "2472"]
[Result "0-1"]
[Round "06"]
[TimeControl "180+2"]
[Date "2023.01.31"]
[WhiteClock "0:00:21"]
[BlackClock "0:01:09"]

1. e4 e5 2. Nf3 Nf6 3. Nxe5 d6 4. Nf3 Nxe4 5. c4 d5 6. Nc3 Nf6 7. cxd5 Nxd5 8. Bc4 Nxc3 9. bxc3 Be7 10. O-O O-O 11. d4 Nd7 12. h3 c5 13. Re1 Bf6 14. Ba3 b6 15. dxc5 Nxc5 16. Qc2 Bb7 17. Rad1 Qc7 18. Nd4 Rad8 19. Be2 Rfe8 20. Bf3 Bxf3 21. Nxf3 Rxe1+ 22. Rxe1 Ne6 23. c4 h6 24. Qe4 Rc8 25. Rc1 Qf4 26. Qd5 Rd8 27. Qb7 Nd4 28. Nxd4 Bxd4 29. Rf1 Bxf2+ 30. Kh1 Bg3 31. Rg1 Qe3 32. Rf1 Qxa3 33. Qxf7+ Kh8 34. Qg6 Be5 35. Qe6 Qg3 36. Kg1 Qh2+ 37. Kf2 Rf8+ 38. Ke1 Qg3+ 0-1


[Site "https://www.chess.com"]

[Event "Titled Tuesday Blitz January 31 Early 2023"]
[White "Vokhidov, Shamsiddin"]
[Black "Tactrics"]
[WhiteFideId "14204223"]
[WhiteElo "2586"]
[BlackElo "2800"]
[Result "1-0"]
[Round "06"]
[TimeControl "180+2"]
[Date "2023.01.31"]
[WhiteClock "0:00:49"]
[BlackClock "0:00:04"]

1. e4 e6 2. d4 d5 3. Nc3 Nc6 4. Nf3 Nf6 5. Bg5 Be7 6. e5 Ne4 7. Bxe7 Qxe7 8. Bb5 Qb4 9. O-O Nxc3 10. Bxc6+ bxc6 11. Qd2 Ba6 12. bxc3 Qa5 13. Rfe1 Rb8 14. h4 h6 15. Re3 Rb2 16. Ne1 Rxa2 17. Rb1 Bb5 18. Rg3 Rg8 19. Nd3 Ra1 20. Rxa1 Qxa1+ 21. Kh2 Bxd3 22. Qxd3 Qe1 23. Rf3 Qe4 24. Qa6 Qxh4+ 25. Kg1 Qe7 26. Qxc6+ Kf8 27. c4 g6 28. cxd5 Kg7 29. dxe6 Qxe6 30. Qxc7 Rf8 31. c4 a5 32. d5 Qa6 33. e6 a4 34. Rxf7+ Rxf7 35. Qxf7+ Kh8 36. e7 1-0


[Site "https://www.chess.com"]

[Event "Titled Tuesday Blitz January 31 Early 2023"]
[White "Hakobyan, Aram"]
[Black "So, Wesley"]
[WhiteFideId "13306677"]
[BlackFideId "5202213"]
[WhiteElo "2608"]
[BlackElo "2760"]
[Result "1/2-1/2"]
[Round "06"]
[TimeControl "180+2"]
[Date "2023.01.31"]
[WhiteClock "0:00:15"]
[BlackClock "0:00:11"]

1. e4 c5 2. Nf3 d6 3. d4 cxd4 4. Nxd4 Nf6 5. Nc3 a6 6. Be3 Ng4 7. Bg5 h6 8. Bc1 Nf6 9. Bd3 e5 10. Nde2 Be6 11. O-O Nbd7 12. f4 Rc8 13. Be3 Be7 14. Kh1 b5 15. a4 b4 16. Nd5 Bxd5 17. exd5 Qa5 18. Ng3 g6 19. fxe5 Nxe5 20. Bd4 Nfd7 21. Qe2 Ra8 22. c4 O-O 23. b3 Rae8 24. Bc2 Qd8 25. Qd2 a5 26. Qxh6 Bg5 27. Qh3 Nc5 28. Rae1 Bf6 29. Nh5 Bh8 30. Nf4 Qd7 31. Qg3 Qg4 32. Qxg4 Nxg4 33. Bxh8 Kxh8 34. Kg1 Ne3 35. Nxg6+ fxg6 36. Rxf8+ Rxf8 37. Rxe3 Kg7 38. h4 Rf4 39. g3 Rd4 40. Kf2 Kf6 41. Re2 Rg4 42. Kf3 Rd4 43. g4 g5 44. h5 Rf4+ 45. Kg3 Rf1 46. Rf2+ Rxf2 47. Kxf2 Nd7 48. h6 Nc5 49. h7 Kg7 50. Ke3 Kh8 51. Kd4 Kg7 52. Ke3 Kh8 53. Bd1 Kg7 54. Bc2 1/2-1/2


[Site "https://www.chess.com"]

[Event "Titled Tuesday Blitz January 31 Early 2023"]
[White "Iliaguev, Nisim"]
[Black "Duda, Jan-Krzysztof"]
[WhiteFideId "2817276"]
[BlackFideId "1170546"]
[WhiteElo "2402"]
[BlackElo "2724"]
[Result "0-1"]
[Round "06"]
[TimeControl "180+2"]
[Date "2023.01.31"]
[WhiteClock "0:00:09"]
[BlackClock "0:00:12"]

1. e4 e6 2. d4 d5 3. Nc3 Bb4 4. e5 Qd7 5. Qg4 f5 6. Qg3 b6 7. a3 Bf8 8. h4 c5 9. Nf3 Nc6 10. Be3 a6 11. O-O-O Nh6 12. Kb1 Ng4 13. Be2 Nxe3 14. fxe3 c4 15. Ng5 b5 16. Bh5+ g6 17. Ne2 gxh5 18. Nf4 Qe7 19. Nxh5 Kd8 20. e4 fxe4 21. Rhf1 Rg8 22. Nf7+ Qxf7 23. Rxf7 Rxg3 24. Nxg3 Be7 25. Rxh7 Kd7 26. h5 Bb7 27. h6 a5 28. Nh5 b4 29. a4 c3 30. Nf6+ Kc7 31. Rg7 Rh8 32. h7 Kb6 33. Rh1 e3 34. Rg8 Rxh7 35. Nxh7 Nxd4 36. Nf6 Ba6 37. Re8 Bd3 38. cxd3 c2+ 39. Kc1 b3 40. Re1 Bb4 41. Rxe3 Nf5 42. Rxe6+ Kc5 43. Re2 Kd4 44. Rxc2 bxc2 45. Kxc2 Ne3+ 46. Kb1 Nxg2 47. Re8 Nf4 48. e6 Ke5 49. Nd7+ Kd6 50. Nf8 Nxd3 51. e7 Nf4 52. Kc2 Ke5 53. Rc8 Bxe7 54. Nd7+ Kd4 55. Nb6 Bb4 56. Rd8 Ke4 57. Nd7 d4 58. Re8+ Kf5 59. Rf8+ Ke4 60. Re8+ Kf5 61. Ne5 Bd6 62. Nd3 Nd5 63. Rd8 Ne3+ 64. Kd2 Ke6 65. Ra8 Kd7 66. Rxa5 Nc4+ 67. Kc2 Nxa5 68. b4 Nc4 69. Kb3 Nd2+ 70. Kc2 Nc4 71. Kb3 Ne3 72. a5 Kc6 73. Ka4 Nd5 74. b5+ Kb7 75. Kb3 Ne3 76. Ka4 Be7 77. Kb3 Bf8 78. Ka4 Kc7 79. Kb3 Be7 80. Ka4 Bf6 81. Kb3 Bh4 82. Ka4 Be7 83. Kb3 Bd8 84. Ka4 Kd6 85. Kb4 Kd5 86. b6 Kc6 87. b7 Be7+ 88. Ka4 Kxb7 89. Kb5 Ka7 90. Kc6 Bf6 91. Kd7 Nc4 92. Ke6 Bg7 93. Kd5 Ne3+ 94. Ke4 Ka6 95. Kf3 Kxa5 96. Ke4 Kb5 97. Nf4 Kc4 98. Ne6 Bf6 99. Nxd4 Bxd4 100. Kf3 Kd3 101. Kg3 Ke4 102. Kh3 Kf3 103. Kh4 Ng2+ 104. Kh5 Nf4+ 105. Kh6 Kg4 106. Kh7 Kf5 107. Kg8 Ke6 108. Kf8 Bf6 109. Ke8 Nd5 110. Kf8 Be7+ 111. Kg8 Kf6 112. Kh7 Ne3 113. Kg8 Ng4 114. Kh7 Bd8 115. Kg8 Bc7 116. Kf8 Ke6 117. Ke8 Nf6+ 118. Kf8 Bd6+ 119. Kg7 Kf5 120. Kf7 Bc5 121. Kg7 Ne4 122. Kf7 Nf6 123. Kg7 Ke6 124. Kg6 Be3 125. Kg7 Nd5 126. Kg6 Nf4+ 127. Kg5 Nd3+ 128. Kg4 Ne5+ 129. Kg3 Kf5 130. Kg2 Kf4 131. Kf1 Kf3 132. Ke1 Nd3+ 133. Kd1 Bf4 134. Kc2 Ke4 135. Kb3 Ke3 136. Kc4 Be5 137. Kd5 Bb2 138. Ke6 Ke4 139. Kd6 Ne5 140. Ke7 Kd5 141. Kf8 Ke6 142. Kg7 Bc1 143. Kf8 Kd7 144. Kg7 Ke7 145. Kh7 Kf7 146. Kh8 Ng6+ 147. Kh7 Nf8+ 148. Kh8 Bb2# 0-1


[Site "https://www.chess.com"]

[Event "Titled Tuesday Blitz January 31 Early 2023"]
[White "Sarana, Alexey"]
[Black "Yeletsky, Ivan"]
[WhiteFideId "24133795"]
[BlackFideId "24180327"]
[WhiteElo "2685"]
[BlackElo "2494"]
[Result "1-0"]
[Round "06"]
[TimeControl "180+2"]
[Date "2023.01.31"]
[WhiteClock "0:01:53"]
[BlackClock "0:00:52"]

1. c4 e6 2. Nc3 d5 3. cxd5 exd5 4. d4 c6 5. Bf4 Bf5 6. e3 Bd6 7. Bxd6 Qxd6 8. Nge2 Nd7 9. Ng3 Bg6 10. h4 h6 11. h5 Bh7 12. Bd3 Bxd3 13. Qxd3 Ne7 14. O-O O-O 15. Nce2 Nf6 16. Nf4 Rfe8 17. a3 a5 18. Rad1 a4 19. Rfe1 b6 20. Re2 Qc7 21. Rc2 c5 22. dxc5 bxc5 23. Nf5 Rad8 24. Nxe7+ Qxe7 25. Qb5 d4 26. exd4 Rxd4 27. Rxd4 cxd4 28. Re2 Qd8 29. Rxe8+ Qxe8 30. Qxe8+ Nxe8 31. Kf1 Nd6 32. Ke2 Nc4 33. Kd3 Nxb2+ 34. Kxd4 Nd1 35. f3 Kf8 36. Nd5 g6 37. hxg6 fxg6 38. Nc3 Nb2 39. Ne4 Ke7 40. Nf2 1-0


[Site "https://www.chess.com"]

[Event "Titled Tuesday Blitz January 31 Early 2023"]
[White "Baskakov, Egor"]
[Black "Martinez Alcantara, Jose Eduardo"]
[WhiteFideId "24197866"]
[BlackFideId "3805662"]
[WhiteElo "2215"]
[BlackElo "2619"]
[Result "1/2-1/2"]
[Round "06"]
[TimeControl "180+2"]
[Date "2023.01.31"]
[WhiteClock "0:00:21"]
[BlackClock "0:00:47"]

1. e4 Nc6 2. Nc3 d6 3. g3 g6 4. Bg2 Bg7 5. Nge2 e5 6. d3 Nge7 7. h3 O-O 8. O-O f5 9. f4 Be6 10. Nd5 Qd7 11. Kh2 Bf7 12. c3 Nxd5 13. exd5 Ne7 14. c4 c6 15. dxc6 bxc6 16. Rb1 a5 17. b3 Rfe8 18. Be3 Qc7 19. Qd2 Rad8 20. Rfe1 d5 21. fxe5 dxc4 22. bxc4 Qxe5 23. Bb6 Rd7 24. Nf4 Qc3 25. Qf2 Bd4 26. Bxd4 Qxd4 27. Qd2 a4 28. Ne6 Qa7 29. Qc3 Bxe6 30. Rxe6 Red8 31. Rbe1 Qc7 32. Qf6 Rf8 33. Qh4 Rf7 34. d4 f4 35. gxf4 Rxf4 36. Qg3 Rf7 37. Qxc7 Rxc7 38. d5 cxd5 39. cxd5 Rd7 40. d6 Nf5 41. Rd1 Rd8 42. Bc6 Ng7 43. Re2 Rf6 44. Bxa4 Rfxd6 45. Bb3+ Kh8 46. Rxd6 Rxd6 47. a4 Ra6 48. Re5 Nf5 49. a5 Rd6 50. Bc4 Rd2+ 51. Kg1 Nd4 52. Bd5 Rd1+ 53. Kg2 Ra1 54. Be4 Nb3 55. Kg3 Nxa5 56. Bd5 Rc1 57. Kf4 Rc7 58. Kg5 Kg7 59. h4 h6+ 60. Kf4 Nc4 61. Bxc4 Rxc4+ 62. Kg3 Kf6 63. Rb5 Rc6 64. Kg4 Rc4+ 65. Kg3 h5 66. Ra5 Rg4+ 67. Kh3 Re4 68. Rb5 Re5 69. Rb6+ Kf5 70. Rb8 Re3+ 71. Kg2 Re4 72. Kg3 Re3+ 73. Kg2 Kf4 74. Rb4+ Re4 75. Rb6 Kf5 76. Kg3 Rc4 77. Kh3 Rc3+ 78. Kg2 Rd3 79. Rc6 Re3 80. Rb6 Re6 81. Rb5+ Kg4 82. Rb4+ Kf5 83. Rb5+ Kf6 84. Kg3 Kg7 85. Rb7+ Kh6 86. Rb3 Re4 87. Kh3 Rg4 88. Rc3 Ra4 89. Rd3 Ra1 90. Rb3 Rc1 91. Kg3 Rh1 92. Ra3 Rg1+ 93. Kh3 Rc1 94. Rb3 Rc6 95. Ra3 Kg7 96. Rb3 Kf6 97. Rf3+ Ke5 98. Rf8 Rc3+ 99. Kg2 Ke4 100. Rf6 Rc2+ 101. Kg3 Rc3+ 102. Kg2 Rc2+ 103. Kg3 Rc1 104. Kg2 Ke5 105. Rxg6 Kf4 106. Rg5 Rc2+ 107. Kf1 Kf3 108. Rf5+ Kg4 109. Rg5+ Kf3 110. Ke1 Ke3 111. Kd1 Rd2+ 112. Kc1 Rh2 113. Rxh5 Kd3 114. Rh8 Kc3 115. Kb1 Kb3 116. Kc1 Kc3 117. Kd1 Kd4 118. Ke1 Ke5 119. Kf1 Kf6 120. Kg1 Ra2 121. Rg8 Kf7 122. Rg4 Ra8 123. Rb4 Kg6 124. Kh2 Kh5 125. Kh3 Ra3+ 126. Kg2 Re3 127. Kf2 Ra3 128. Rb5+ Kxh4 129. Rb4+ Kg5 130. Rb5+ Kf4 131. Rb4+ Ke5 132. Rb5+ Kd4 133. Rb4+ Kc3 134. Rb8 Ra2+ 135. Ke3 Ra7 136. Rc8+ Kb4 137. Rb8+ Kc5 138. Rc8+ Kd6 139. Rh8 Ra3+ 140. Kd4 Ra4+ 141. Kd3 Ra1 142. Kc4 Ke5 143. Re8+ Kd6 144. Kc3 Kd7 145. Rh8 Rc1+ 146. Kd2 Rg1 147. Rh7+ Ke6 148. Rh6+ Kf5 149. Ra6 Rg3 150. Ke2 Rg2+ 151. Kf3 Rg8 152. Ra5+ Ke6 153. Ke4 Kd6 154. Ra6+ Kc5 155. Rh6 Rg4+ 156. Kd3 Rg1 157. Rh5+ Kd6 158. Rh6+ Ke5 159. Rh5+ Kf4 160. Ra5 Rg3+ 161. Ke2 Rg8 162. Ra4+ Ke5 163. Ra5+ Kd4 164. Ra4+ Kc3 165. Rh4 Kb3 166. Ke3 Re8+ 167. Re4 Rb8 168. Kf4 Kc3 169. Re3+ Kd4 170. Re4+ Kd3 171. Re3+ Kd2 172. Re4 Rf8+ 173. Kg3 Kd3 174. Rf4 Rxf4 175. Kxf4 1/2-1/2


[Site "https://www.chess.com"]

[Event "Titled Tuesday Blitz January 31 Early 2023"]
[White "Kravtsiv, Martyn"]
[Black "Jobava, Baadur"]
[WhiteFideId "14113147"]
[BlackFideId "13601520"]
[WhiteElo "2598"]
[BlackElo "2578"]
[Result "0-1"]
[Round "06"]
[TimeControl "180+2"]
[Date "2023.01.31"]
[WhiteClock "0:00:01"]
[BlackClock "0:00:45"]

1. e4 e5 2. Nf3 Nf6 3. Nc3 d6 4. d4 Nbd7 5. Bc4 Be7 6. Bxf7+ Kxf7 7. Ng5+ Kg8 8. Ne6 Qe8 9. Nxc7 Qg6 10. Nxa8 Qxg2 11. Rf1 exd4 12. Qxd4 Ne5 13. f4 Nfg4 14. Qd5+ Nf7 15. Qc4 Bh4+ 16. Kd1 Be6 17. Qe2 Nf2+ 18. Rxf2 Bxf2 19. f5 Qg1+ 20. Kd2 Qg5+ 21. Kd1 Qg1+ 22. Kd2 Ne5 23. fxe6 Be1+ 24. Qxe1 Nf3+ 25. Ke2 Nxe1 26. Nc7 Nxc2 27. N3d5 Qg4+ 28. Kd3 Nxa1 29. Bf4 Qf3+ 30. Kd2 Qf2+ 31. Kd3 Qf3+ 32. Kd2 Qxe4 33. Bxd6 h6 34. e7 Kh7 0-1


[Site "https://www.chess.com"]

[Event "Titled Tuesday Blitz January 31 Early 2023"]
[White "Le, Tuan Minh"]
[Black "Gokerkan, Cem Kaan"]
[WhiteFideId "12401153"]
[BlackFideId "6336760"]
[WhiteElo "2542"]
[BlackElo "2500"]
[Result "1-0"]
[Round "06"]
[TimeControl "180+2"]
[Date "2023.01.31"]
[WhiteClock "0:00:19"]
[BlackClock "0:00:30"]

1. d4 Nf6 2. Nf3 d5 3. Bf4 c5 4. c3 Nc6 5. e3 Nh5 6. Be5 f6 7. Bg3 cxd4 8. cxd4 e6 9. Nc3 g6 10. Bd3 Kf7 11. Bh4 Bd7 12. Rc1 Qb6 13. Qe2 Bb4 14. O-O Bxc3 15. Rxc3 Rac8 16. a3 Ne7 17. Rxc8 Rxc8 18. g4 Ng7 19. g5 Ngf5 20. gxf6 Nxh4 21. Ne5+ Kg8 22. fxe7 Qd6 23. Qg4 Nf5 24. h4 Qxe7 25. h5 Be8 26. hxg6 hxg6 27. Kg2 Qf6 28. Rh1 Rc7 29. Qf4 g5 30. Qg4 Nh4+ 31. Rxh4 1-0


[Site "https://www.chess.com"]

[Event "Titled Tuesday Blitz January 31 Early 2023"]
[White "Jones, Gawain C B"]
[Black "Deac, Bogdan-Daniel"]
[WhiteFideId "409561"]
[BlackFideId "1226380"]
[WhiteElo "2618"]
[BlackElo "2700"]
[Result "0-1"]
[Round "06"]
[TimeControl "180+2"]
[Date "2023.01.31"]
[WhiteClock "0:00:04"]
[BlackClock "0:00:06"]

1. Nf3 d5 2. g3 Nd7 3. Bg2 e5 4. O-O Ngf6 5. d3 c6 6. Nc3 Bc5 7. e4 dxe4 8. Nxe4 Nxe4 9. dxe4 O-O 10. a4 a5 11. Nh4 g6 12. Bh6 Re8 13. Qd2 Nf8 14. Qxd8 Rxd8 15. Bg5 Re8 16. Rad1 Kg7 17. Rfe1 Bg4 18. Rd3 Ne6 19. Be3 Bxe3 20. Rexe3 Nc5 21. Ra3 Rad8 22. f3 Rd1+ 23. Kf2 Be6 24. Bf1 Red8 25. Ng2 R8d2+ 26. Be2 Rxc2 27. f4 Rdd2 28. Ne1 exf4 29. gxf4 Rxb2 30. Nf3 Rd8 31. Kg3 Rb4 32. Ng5 h6 33. Nxe6+ fxe6 34. Bf3 Rdd4 35. f5 exf5 36. exf5 gxf5 37. Re7+ Kf6 38. Rh7 Kg6 39. Rh8 Rxa4 40. Rxa4 Rxa4 41. h4 Ne4+ 42. Kg2 Ra2+ 43. Kg1 Ra3 44. Kg2 a4 45. Rg8+ Kf7 46. Rb8 Rb3 47. Bh5+ Kg7 48. Re8 a3 49. Re7+ Kf6 50. Rf7+ Ke5 51. Bg6 Rg3+ 52. Kh2 Rxg6 0-1


[Site "https://www.chess.com"]